AoeStats
← PetersCZ

Arena

510835537Analyzed
4v4 RM · 11h ago on Oct 2, 2026· 48m 36s· 8 players
Game mode
Random Map
Map size
Large (8 player)
Population
200
Speed
Normal
Resources
Standard
Victory
Conquest
Starting age
Dark Age
Ending age
Imperial Age
RankedLock teamsTeams togetherTeam positionsShared explorationLock speedFull tech treeHidden civsTurbo modeCheats
Victory
Defeat
🇫🇮 Wei · Finland
1414
+15
🇮🇹 Goths · Italy
1411
+15
🇫🇮 Armenians · Finland
1407
+16
🇨🇦 Tatars · Canada
1399
+16
🇮🇪 Britons · Ireland
1431
-17
🇨🇿 Cumans · Czechia
1418
-16
🇮🇳 Teutons · India
1383
-15
🇹🇼 Teutons · Taiwan
1364
-14
Mycorrhizal
9:29 Feudal Age
13:24 Castle Age
12:05 Double-Bit Axe
15:09 Loom
40:00 Imperial Age
39:09 Bow Saw
39:04 Horse Collar
39:38 Gold Mining
39:57 Stone Mining
40:12 Fletching
40:48 Bodkin Arrow
41:19 Heavy Plow
41:58 Wheelbarrow
41:08 Town Watch
42:05 Bracer
42:26 Padded Archer Armor
44:01 Leather Archer Armor
44:24 Ballistics
45:12 Gold Shaft Mining
45:56 Husbandry
47:07 Bloodlines
Yasuo, the Unforgiven
9:49 Feudal Age
10:19 Horse Collar
10:25 Double-Bit Axe
15:58 Castle Age
14:17 Gold Mining
19:25 Wheelbarrow
22:35 Bloodlines
24:59 Scale Barding Armor
29:26 Heavy Plow
30:14 Chain Barding Armor
31:03 Gold Shaft Mining
33:08 Stone Mining
33:30 Bow Saw
33:45 Loom
37:08 Imperial Age
34:42 Fletching
35:40 Bodkin Arrow
36:10 Ballistics
36:11 Padded Archer Armor
37:24 Leather Archer Armor
37:52 Bracer
39:31 Ring Archer Armor
40:04 Chemistry
39:35 Parthian Tactics
40:23 Thumb Ring
40:55 Hand Cart
43:27 Stone Shaft Mining
43:20 Treadmill Crane
45:09 Light Cavalry
46:42 Ming Guang Armor
47:28 Conscription
47:19 Forging
47:40 Husbandry
48:36 Iron Casting
47:43 Elite Skirmisher
GdR_Johnny Vacanzieri
10:41 Feudal Age
12:05 Double-Bit Axe
14:24 Castle Age
13:07 Horse Collar
15:20 Bow Saw
16:29 Loom
22:40 Town Watch
23:55 Wheelbarrow
23:05 Town Watch
23:53 Forging
23:44 Scale Mail Armor
24:50 Town Watch
25:33 Chain Mail Armor
26:15 Iron Casting
26:40 Heavy Plow
30:48 Imperial Age
29:28 Pikeman
30:09 Squires
31:08 Hand Cart
32:35 Blast Furnace
31:56 Conscription
31:25 Halberdier
33:44 Perfusion
33:44 Man-at-Arms
34:27 Anarchy
33:48 Elite Huskarl
34:04 Long Swordsman
35:50 Two-Man Saw
35:21 Crop Rotation
34:20 Two-Handed Swordsman
35:02 Fletching
34:42 Champion
35:43 Gold Mining
35:44 Stone Mining
40:27 Stone Shaft Mining
43:23 Ballistics
44:04 Chemistry
43:01 Bodkin Arrow
cro55b0w
10:39 Feudal Age
13:12 Loom
15:47 Castle Age
14:05 Double-Bit Axe
16:52 Bow Saw
16:27 Horse Collar
16:45 Man-at-Arms
17:42 Squires
17:50 Long Swordsman
21:21 Gambesons
21:38 Scale Mail Armor
22:38 Gold Mining
23:29 Wheelbarrow
23:29 Two-Handed Swordsman
24:14 Arson
25:20 Pikeman
27:23 Chain Mail Armor
27:20 Halberdier
29:03 Gold Shaft Mining
28:40 Forging
30:43 Iron Casting
32:56 Heavy Plow
34:29 Stone Mining
38:22 Imperial Age
36:27 Champion
39:24 Conscription
38:25 Elite Composite Bowman
39:31 Conscription
39:14 Fletching
40:02 Ballistics
40:25 Fortified Wall
41:16 Fereters
41:22 Padded Archer Armor
42:01 Hoardings
42:04 Hand Cart
43:45 Plate Mail Armor
43:41 Town Watch
47:52 Blast Furnace
46:50 Bodkin Arrow
47:47 Capped Ram
Vishu
10:09 Feudal Age
14:28 Castle Age
13:38 Double-Bit Axe
13:34 Horse Collar
19:06 Bow Saw
23:51 Scale Barding Armor
24:25 Squires
25:10 Wheelbarrow
24:28 Loom
26:19 Forging
26:30 Chain Barding Armor
26:22 Forging
27:51 Gold Mining
28:26 Bloodlines
28:55 Iron Casting
29:01 Pikeman
29:41 Squires
29:27 Gambesons
29:48 Scale Mail Armor
30:26 Man-at-Arms
31:26 Chain Mail Armor
32:05 Hand Cart
31:53 Long Swordsman
36:28 Imperial Age
33:44 Town Watch
34:22 Heavy Plow
35:29 Fletching
35:52 Masonry
35:59 Arson
37:41 Conscription
36:43 Two-Handed Swordsman
37:03 Capped Ram
37:54 Champion
38:51 Caravan
39:23 Coinage
39:03 Guilds
39:31 Plate Barding Armor
39:57 Blast Furnace
39:30 Plate Mail Armor
39:53 Halberdier
40:00 Cavalier
43:01 Stone Mining
44:40 Crenellations
44:31 Siege Engineers
44:37 Fortified Wall
44:35 Siege Engineers
45:19 Bodkin Arrow
45:49 Heavy Scorpion
48:20 Padded Archer Armor
49:34 Chemistry
IWUDJA
10:36 Feudal Age
11:55 Double-Bit Axe
11:55 Horse Collar
14:35 Castle Age
15:59 Bow Saw
15:51 Heavy Plow
16:28 Wheelbarrow
22:00 Gold Mining
22:25 Loom
22:33 Fletching
29:50 Bodkin Arrow
30:18 Ballistics
30:36 Padded Archer Armor
39:04 Hand Cart
40:54 Stone Mining
41:40 Gold Shaft Mining
45:01 Imperial Age
43:57 Yeomen
44:21 Fortified Wall
45:31 Town Watch
46:20 Conscription
45:32 Elite Longbowman
46:49 Bracer
47:06 Leather Archer Armor
48:51 Chemistry
PetersCZ
8:42 Feudal Age
9:52 Double-Bit Axe
9:51 Horse Collar
19:32 Castle Age
18:27 Scale Barding Armor
19:28 Bloodlines
19:56 Forging
20:21 Gold Mining
21:09 Chain Barding Armor
23:12 Bow Saw
25:47 Iron Casting
30:36 Gold Shaft Mining
34:42 Imperial Age
32:56 Man-at-Arms
33:37 Squires
33:22 Arson
35:08 Scale Mail Armor
34:31 Long Swordsman
36:59 Blast Furnace
36:14 Chain Mail Armor
35:33 Two-Handed Swordsman
37:27 Champion
38:23 Cavalier
39:39 Heavy Plow
44:31 Paladin
冢中枯骨
6:33 Loom
9:28 Feudal Age
10:52 Fletching
27:18 Castle Age
25:16 Horse Collar
25:56 Gold Mining
25:57 Double-Bit Axe
27:39 Forging
27:36 Scale Barding Armor
28:31 Wheelbarrow
28:16 Bloodlines
31:40 Iron Casting
35:53 Bow Saw
35:45 Heavy Plow
37:12 Scale Mail Armor
37:30 Man-at-Arms
38:13 Squires
38:00 Gambesons
38:03 Arson
38:49 Chain Mail Armor
38:18 Long Swordsman
42:59 Imperial Age
43:06 Hand Cart
44:03 Conscription
44:39 Two-Handed Swordsman
45:40 Champion
Connection lost

Rejoining the realm…

Still unreachable

The connection could not be restored.

Session expired

The server has moved on; the page needs a fresh start.